 Dungeon Crawl Stone Soup version 0.26-a0-663-g36e8fdb655 (webtiles) character file.

Game seed: 16700802998065179144

95 Descartes the Sneak (level 4, 0/19 HPs)
             Began as a Felid Transmuter on Oct 11, 2020.
             Slain by a worm (1 damage)
             ... on level 3 of the Dungeon.
             The game lasted 00:03:46 (2755 turns).

Descartes the Sneak (Felid Transmuter)              Turns: 2755, Time: 00:03:47

Health: 0/19       AC:  1    Str:  7    XL:     4   Next: 40%
Magic:  7/8        EV: 22    Int: 14    God:
Gold:   78         SH:  0    Dex: 16    Spells: 4/7 levels left
                                        Lives:  0   Deaths: 1

rFire    + . .     SeeInvis +     - Unarmed
rCold    x . .     Faith    .   (shield unavailable)
rNeg     . . .     Spirit   .   (armour unavailable)
rPois    .         Reflect  .   (helmet unavailable)
rElec    .         Harm     .   (cloak unavailable)
rCorr    .         Rampage  .   (gloves unavailable)
MR       .....                  (boots unavailable)
Stlth    ++++......             l - amulet of magic regeneration
HPRegen  0.06/turn              k - ring of fire
MPRegen  0.36/turn              m - +4 ring of evasion

@: lethally poisoned (0 -> -5), appendages, quick
A: very small, no armour, no weapons or thrown items, stealth, claws 1, fangs 3,
horns 2, see invisible, speed 1, shaggy fur 1, sharp paws
a: End Transformation


You were on level 3 of the Dungeon.
You had grown temporary horns.
You visited 1 branch of the dungeon, and saw 3 of its levels.

You collected 78 gold pieces.

Inventory:

Missiles
 a - 11 arrows
 e - 152 stones
Jewellery
 k - a ring of fire (left paw)
 l - an amulet of magic regeneration (around neck)
 m - a +4 ring of evasion (right paw)
Scrolls
 d - a scroll of immolation {unknown}
 g - 2 scrolls of blinking {unknown}
 h - 2 scrolls of amnesia {unknown}
 j - a scroll of identify {unknown}
 n - a scroll of fear {unknown}
 q - a scroll of enchant weapon {unknown}
Potions
 b - a potion of haste {unknown}
 c - 3 potions of heal wounds {unknown}
 f - 2 potions of curing {unknown}
 i - 2 potions of invisibility {unknown}
 o - 2 potions of magic {unknown}
 p - a potion of stabbing {unknown}


   Skills:
 - Level 1.0 Fighting
 + Level 3.3 Dodging
 + Level 5.7 Stealth
 + Level 3.3 Unarmed Combat
 - Level 2.0 Spellcasting
 + Level 2.7 Transmutations


You had 4 spell levels left.
You knew the following spells:

 Your Spells              Type           Power        Failure   Level
a - Beastly Appendage     Tmut           #.....       8%          1
b - Wereblood             Tmut           #.......     12%         2

Your spell library contained the following spells:

 Spells                   Type           Power        Failure   Level
 Spider Form              Tmut/Pois      #.........   38%         3
 Ice Form                 Ice/Tmut       #.......     80%         4
 Blade Hands              Tmut           #.........   91%         5


Dungeon Overview and Level Annotations

Branches:
Dungeon (3/15)

Altars:
Fedhas
Gozag
Hepliaklqana
Vehumet


Innate Abilities, Weirdness & Mutations

You cannot wear armour.
You are incapable of wielding weapons or throwing items.
Your paws allow you to move quietly. (Stealth)
You have sharp claws.
You have razor-sharp teeth.
You have supernaturally acute eyesight. (SInv)
You cover ground quickly.
You are covered in fur. (AC +1)
Your sharp claws are effective at attacking unaware monsters.
You have a pair of horns on your head.


Message History

You closely miss the adder.
The adder is almost dead.
The adder barely misses you. The worm closely misses you.
You scratch the adder but do no damage.
The adder is almost dead.
The adder barely misses you.
You barely miss the adder. Your bite misses the adder.
The adder is almost dead.
You feel sick. The adder completely misses you. The worm barely misses you.
You scratch the adder.
You kill the adder!
Casting: Beastly Appendage (safe; 8% risk of failure)
Confirm with . or Enter, or press ? or * to list all spells.
You grow a pair of large bovine horns.
The worm bites you!
Ouch! That really hurt!
* * * LOW HITPOINT WARNING * * *
You scratch the worm.
The worm is lightly wounded.
The worm bites you.
You die...

#..........................
#..#...#...#...#...#.##..##
#_..............÷....#...##
#..#...#...#...#...###.#.##
#.........†....))...#......
####################)......
...........# #.......>..
......w.[..###..........
......†@............#...
.................####)##
....##...#..........#.##
.......#.........##...# .
....##........####..# ...#.
#........####†.##
.###.................).
##..#......######.##
#...... ##.##


You could see a worm.

Vanquished Creatures
  An orc wizard (D:3)
  5 adders
  2 oozes
  3 worms (D:2)
  A dart slug (D:2)
  4 orcs (D:3)
  2 giant cockroaches
  4 hobgoblins
  2 jackals (D:2)
  4 kobolds
  A quokka (D:2)
  5 bats
  2 frilled lizards
  5 goblins
  4 rats
45 creatures vanquished.

Notes
Turn   | Place    | Note
-------+----------+-------------------------------------------
     0 | D:1      | Descartes the Felid Transmuter began the quest for the Orb.
     0 | D:1      | Reached XP level 1. HP: 9/9 MP: 4/4
   123 | D:1      | Reached skill level 1 in Stealth
   174 | D:1      | Reached skill level 2 in Stealth
   358 | D:1      | Reached XP level 2. HP: 10/12 MP: 6/6
   431 | D:1      | Reached skill level 3 in Stealth
  1136 | D:2      | Reached skill level 4 in Stealth
  1136 | D:2      | Reached XP level 3. HP: 8/15 MP: 7/7
  1456 | D:2      | Found a radiant altar of Vehumet.
  1503 | D:2      | Reached skill level 5 in Stealth
  2137 | D:2      | Found a hazy altar of Hepliaklqana.
  2150 | D:2      | Learned a level 2 spell: Wereblood
  2335 | D:3      | Reached XP level 4. HP: 7/19 MP: 8/8
  2416 | D:3      | Killed from afar by an orc wizard
  2417 | D:3      | Reached XP level 3. HP: -1/15 MP: 7/7
  2460 | D:3      | Found an opulent altar of Gozag.
  2560 | D:3      | Reached XP level 4. HP: 17/19 MP: 8/8
  2678 | D:3      | Found a blossoming altar of Fedhas.
  2755 | D:3      | Slain by a worm

Illustrated notes

Levels and vault maps discovered:
D:1:      roderic_crop_circles_arrival_small, layout_basic,
          minmay_misc_feat_rugged
D:2:      layout_basic, vehumet_crystals, lemuel_round_altar
D:3:      layout_rooms, lemuel_coloured_pillars_altar, lemuel_crystal_altar

Skill      XL: |  1  2  3 |
---------------+----------+-----
Stealth        | 2 4 5 |  5.7
Dodging        | 3 |  3.3
Fighting       | |  1.0
Unarmed Combat | |  3.3
Spellcasting   | |  2.0
Transmutations | |  2.7

Action                   |  1- 3 |  4- 6 || total
-------------------------+-------+-------++-------
Melee: Unarmed           |   125 |    25 ||   150
       Bite              |    14 |     1 ||    15
       Punch             |     2 |     1 ||     3
       Headbutt          |     7 |       ||     7
 Cast: Beastly Appendage |     6 |     6 ||    12
 Stab: Sleeping          |    10 |     3 ||    13
Armor: Skin              |     5 |       ||     5
Dodge: Dodged            |    82 |    25 ||   107

Table legend: (Time is in decaauts)
 A = Elapsed time spent in this place.
 B = Non-inter-level travel time spent in this place.
 C = Inter-level travel time spent in this place.
 D = Time resting spent in this place.
 E = Time spent auto-exploring this place.
 F = Levels seen in this place.
 G = Mean time per level.
                   A        B        C        D        E       F      G
               +--------+--------+--------+--------+--------+-----+--------+
         Total |   2483 |   2427 |     56 |      0 |   2043 |   3 |  827.7 |
       Dungeon |   2483 |   2427 |     56 |      0 |   2043 |   3 |  827.7 |
               +--------+--------+--------+--------+--------+-----+--------+

Top non-repeatable levels by time:
     D:2: 1148 daAuts
     D:1: 814 daAuts
     D:3: 519 daAuts
